 Dungeon Crawl Stone Soup version 0.21.1-1-g345015fe64 (webtiles) character file.

48 Oravi the Vandal (level 4, -1/29 HPs)
             Began as a Halfling Hunter on Apr 20, 2018.
             Killed from afar by Natasha (13 damage)
             ... with a wand of flame (22)
             ... on level 2 of the Dungeon.
             The game lasted 00:02:21 (907 turns).

Oravi the Vandal (Halfling Hunter)                   Turns: 907, Time: 00:02:21

Health: -1/29      AC:  5    Str: 13    XL:     4   Next: 0%
Magic:  4/4        EV: 15    Int:  9    God:
Gold:   66         SH:  0    Dex: 15    Spells: 3/3 levels left

rFire    . . .     SeeInvis .   a - +1 hunting sling
rCold    . . .     Gourm    .   (shield restricted)
rNeg     . . .     Faith    .   c - +1 leather armour
rPois    .         Spirit   .   (no helmet)
rElec    .         Reflect  .   (no cloak)
rCorr    .         Harm     .   (no gloves)
MR       .....                  g - +0 pair of boots (curse)
Stlth    ++........             (no amulet)
HPRegen  0.09/turn              (no ring)
MPRegen  0.09/turn              (no ring)

@: no status effects
A: small, mutation resistance 1
a: no special abilities


You were on level 2 of the Dungeon.
You were not hungry.

You visited 1 branch of the dungeon, and saw 2 of its levels.

You collected 66 gold pieces.

Inventory:

Hand Weapons
 a - a +1 hunting sling (weapon)
 b - a +0 short sword
 i - a +2 dagger of flaming
Missiles
 d - 12 sling bullets (quivered)
 h - 38 stones
Armour
 c - a +1 leather armour (worn)
 g - a cursed +0 pair of boots (worn)
Jewellery
 m - a +3 ring of strength {unknown}
Scrolls
 l - a scroll of fear
Potions
 e - a potion of invisibility {unknown}
 j - a potion of curing {unknown}
Comestibles
 f - 2 rations
 k - 3 chunks of flesh


   Skills:
 + Level 1.8 Fighting
 * Level 1.2 Short Blades
 + Level 7.1 Slings
 * Level 2.6 Dodging
 - Level 1.1 Stealth


You had 3 spell levels left.
You didn't know any spells.

Dungeon Overview and Level Annotations

Branches:
Dungeon (2/15)

Altars:

Annotations:
D:2 Natasha


Innate Abilities, Weirdness & Mutations

You are small and have problems with some larger weapons.
You are somewhat resistant to further mutation.


Message History

You are too injured to fight recklessly!
You are too injured to fight recklessly!
You are too injured to fight recklessly!
You are too injured to fight recklessly!
You are too injured to fight recklessly!
You are too injured to fight recklessly!
You are too injured to fight recklessly!
You are too injured to fight recklessly!
Quiver which item? (- for none, * to show all) (? for menu, Esc to quit)
Quivering
d - 13 sling bullets for slings.
Firing (i - inventory. (,) - cycle):
d - 13 sling bullets (quivered)
Press: ? - help, Shift-Dir - straight line, f - Natasha, p - bat
Aim: Natasha, carrying a wand of flame (22) (lightly wounded)
You shoot a sling bullet.
The sling bullet closely misses the bat.
The sling bullet barely misses Natasha.
The sling bullet hits the goblin!
You kill the goblin!
You have reached level 4!
The bat barely misses you.
Natasha zaps a wand.
The puff of flame hits you!
You die...

########...#
...# #..## #..#
#..## #.##
##...#### #####
..#
#.......#......
#...###.#......
#.)............
##.......#([..?.
#...>##.@.b.....
#....###.....###
##...# #....##
#...# #...g...
#...# ###h.....
#...# (.....
#.... ......
#.#... .((...
#.....


You could see Natasha, a goblin and a bat.

Vanquished Creatures
  An adder (D:2)
  An ooze (D:2)
  A dart slug (D:1)
  2 leopard geckos
  5 bats
  4 giant cockroaches
  5 goblins
  3 hobgoblins
  2 frilled lizards
  2 kobolds
  4 rats
30 creatures vanquished.

Notes
Turn   | Place    | Note
-------+----------+-------------------------------------------
     0 | D:1      | Oravi the Halfling Hunter began the quest for the Orb.
     0 | D:1      | Reached XP level 1. HP: 14/14 MP: 1/1
    35 | D:1      | Reached skill level 6 in Slings
    81 | D:1      | Reached XP level 2. HP: 19/19 MP: 2/2
   312 | D:1      | Reached XP level 3. HP: 24/24 MP: 3/3
   749 | D:2      | Noticed Jessica
   816 | D:2      | Reached skill level 1 in Short Blades
   824 | D:2      | Reached skill level 7 in Slings
   901 | D:2      | Noticed Natasha
   907 | D:2      | Reached XP level 4. HP: 12/29 MP: 4/4
   907 | D:2      | Killed from afar by Natasha

Skill      XL: |  1  2  3 |
---------------+----------+-----
Slings         | 6 7 |  7.1
Short Blades   | 1 |  1.2
Fighting       | |  1.8
Dodging        | |  2.6
Stealth        | |  1.1

Action                   |  1- 3 |  4- 6 || total
-------------------------+-------+-------++-------
 Fire: Hunting sling     |    92 |       ||    92
  Use: Scroll            |     3 |       ||     3
Armor: Leather armour    |     8 |       ||     8
Dodge: Dodged            |    11 |     1 ||    12
